 Dungeon Crawl Stone Soup version 0.32-a0-913-g739538afd8 (webtiles) character file.

Game seed: 7246318724646903981

40941 PaleRider the Protected (level 14, -3/121 HPs)
             Began as a Ghoul Monk on Apr 7, 2024.
             Was a Believer of Ru.
             Slain by an alligator snapping turtle skeleton (28 damage)
             ... on level 2 of the Abyss.
             The game lasted 01:01:22 (21701 turns).

PaleRider the Protected (Ghoul Monk)               Turns: 21701, Time: 01:01:23

Health: -3/121     AC: 15    Str: 20      XL:     14   Next: 13%
Magic:  18/18      EV: 10    Int: 11      God:    Ru [**....]
Gold:   942        SH:  0    Dex: 10 (11) Spells: 13/13 levels left

rFire   + .          .
                       - Unarmed
rCold   . . .        c - orb {light}
rNeg    + + +        F - +2 chain mail of the Arcane {rElec Int+2}
rPois   ∞            (no helmet)
rElec   +            h - +0 cloak
rCorr   .            (no gloves)
SInv    +            (no boots)
Will    +....        n - amulet of the acrobat Stlth
                     y - ring of see invisible
HPRegen 0.00/turn    I - ring of fire
MPRegen 0.16/turn

%: acrobat
@: inhibited regen, glowing
A: claws 1, cold resistance 1, negative energy resistance 3, inhibited
regeneration, torment resistance 2, hated by all, no air magic, no hexes magic,
no summoning magic, devour on kill
a: Renounce Religion


You were on level 2 of the Abyss.
You worshipped Ru.
Ru was pleased with you.
You visited 3 branches of the dungeon, and saw 16 of its levels.
You visited the Abyss 1 time.
You also visited: Volcano.

You collected 942 gold pieces.

Inventory:

Missiles
 e - 13 poisoned darts
 f - 75 stones
 i - 2 silver javelins
 B - 5 boomerangs
Armour
 a - a +0 robe
 c - an orb of light (worn)
 h - a +0 cloak (worn)
 q - a +0 plate armour
 s - a +2 leather armour of willpower
 F - the +2 chain mail of the Arcane (worn) {rElec Int+2}
   (You found it on level 10 of the Dungeon)

   Int+2:     It affects your intelligence (+2).
   rElec:     It insulates you from electricity.
 K - a +0 helmet
 N - a +2 helmet
Jewellery
 n - an amulet of the acrobat (around neck)
 t - a +6 ring of intelligence
 y - a ring of see invisible (left claw)
 A - a ring of protection from cold
 I - a ring of fire (right claw)
 Q - a ring of ice
Wands
 r - a wand of acid (9) (quivered)
 z - a wand of flame (21)
 C - a wand of roots (8)
 D - a wand of polymorph (6)
Scrolls
 d - a scroll of poison
 g - 3 scrolls of enchant weapon
 p - 2 scrolls of teleportation
 u - 3 scrolls of immolation
 x - a scroll of noise
 H - a scroll of enchant armour
 L - a scroll of fear {unknown}
 M - a scroll of fog {unknown}
 P - a scroll of summoning {unknown}
Potions
 b - a potion of ambrosia
 j - 2 potions of haste
 k - 7 potions of heal wounds
 l - 3 potions of might
 m - 2 potions of magic
 o - 2 potions of degeneration
 v - a potion of brilliance
 w - 6 potions of curing {unknown}
 E - a potion of enlightenment
 G - a potion of attraction {unknown}
 J - 2 potions of mutation
 O - a potion of cancellation {unknown}


   Skills:
 - Level 10.0 Fighting
 - Level 10.0 Throwing
 - Level 10.8 Armour
 - Level 10.0 Dodging
 + Level 10.4 Unarmed Combat
 - Level 6.3 Invocations
 - Level 6.2 Evocations


You had 13 spell levels left.
You didn't know any spells.
Your spell library contained the following spells:

 Spells                   Type           Power      Damage    Failure   Level
 Freeze                   Ice            0%         1d3       88%         1
 Necrotise                Necr           0%         1d4       88%         1
 Frozen Ramparts          Ice            0%         1d1       99%         3
 Hailstorm                Conj/Ice       0%         3d5       99%         3
 Ozocubu's Armour         Ice            0%         N/A       99%         3
 Vampiric Draining        Necr           0%         2d6       99%         3
 Curse of Agony           Necr           0%         N/A       100%        5
 Permafrost Eruption      Ice/Erth       0%         2x4d1     100%        6
 Starburst                Conj/Fire      0%         6d3       100%        6
 Static Discharge         Conj/Air       Unusable   3-3/arc   N/A         2
 Dazzling Flash           Conj/Hex       Unusable   N/A       N/A         3
 Summon Ice Beast         Ice/Summ       Unusable   N/A       N/A         3
 Airstrike                Air            Unusable   2d(0-16)  N/A         4
 Martyr's Knell           Necr/Summ      Unusable   N/A       N/A         4
 Summon Lightning Spire   Summ/Air       Unusable   N/A       N/A         4
 Metabolic Englaciation   Hex/Ice        Unusable   N/A       N/A         5
 Sculpt Simulacrum        Ice/Alch       Unusable   N/A       N/A         6
 Maxwell's Capacitive Co  Air            Unusable   ∞         N/A         8

Dungeon Overview and Level Annotations

Branches:
Dungeon (10/15)            Temple (1/1) D:6            Lair (5/5) D:9
 Shoals (0/4) Lair:2        Snake (0/4) Lair:2        Slime (0/5) Lair:4
Volcano (visited)
    Orc: D:9-12

Altars:
Ashenzari
Cheibriados
Dithmenos
Gozag
Kikubaaqudgha
Makhleb
Nemelex Xobeh
Okawaru
Qazlal
Ru
Sif Muna
Trog
Uskayaw
Vehumet
Wu Jian
Xom

Shops:
D:1 *   D:7 =   D:10 *[(!:

Annotations:
D:2 Natasha
D:6 1 runed translucent door
D:8 1 runed translucent door, Konar's ghost, novice CoHu
Lair:2 exclusion: door


Innate Abilities, Weirdness & Mutations

You are immune to poison.
You have sharp fingernails.
Your flesh is cold resistant. (rC+)
You are immune to negative energy. (rN+++)
You do not regenerate when monsters are visible.
You are immune to unholy pain and torment.
You are hated by all.
You cannot study or cast Air magic.
You cannot study or cast Hexes magic.
You cannot study or cast Summoning magic.
You thrive by killing the living.


Message History

You take 4 damage, and have 43/121 hp.
You claw the alligator snapping turtle skeleton!
The alligator snapping turtle skeleton is moderately damaged.
You scratch the alligator snapping turtle skeleton.
The alligator snapping turtle skeleton is moderately damaged.
The alligator snapping turtle skeleton bites you.
* * * LOW HITPOINT WARNING * * *
You take 4 damage, and have 39/121 hp.
Okay, then.
You claw the alligator snapping turtle skeleton!
The alligator snapping turtle skeleton is heavily damaged.
You completely miss the alligator snapping turtle skeleton.
The alligator snapping turtle skeleton is heavily damaged.
The alligator snapping turtle skeleton misses you.
You scratch the alligator snapping turtle skeleton.
The alligator snapping turtle skeleton is heavily damaged.
You scratch the alligator snapping turtle skeleton.
The alligator snapping turtle skeleton is heavily damaged.
The alligator snapping turtle skeleton completely misses you.
You claw the alligator snapping turtle skeleton!
The alligator snapping turtle skeleton is severely damaged.
You scratch the alligator snapping turtle skeleton but do no damage.
The alligator snapping turtle skeleton is severely damaged.
The alligator snapping turtle skeleton bites you!
* * * LOW HITPOINT WARNING * * *
You take 14 damage, and have 25/121 hp.
You scratch the alligator snapping turtle skeleton.
The alligator snapping turtle skeleton is severely damaged.
You claw the alligator snapping turtle skeleton!
The alligator snapping turtle skeleton is severely damaged.
A thrashing horror comes into view.
The alligator snapping turtle skeleton bites you but does no damage.
The thrashing horror roars!
You claw the alligator snapping turtle skeleton!
The alligator snapping turtle skeleton is almost destroyed.
You completely miss the alligator snapping turtle skeleton.
The alligator snapping turtle skeleton is almost destroyed.
The alligator snapping turtle skeleton bites you!!
You die...
Ru respects your ultimate sacrifice.

. # . # .
# . . # #
. ## # #.#
. # .# .
#... . .
... .. # .
. # . .
#.### # .
# .#@## #
# #
###..#Z##
#.
#.X.#.## .
#..###.###
. .. #.
..##.. ..
# .
#§...##...
# § . #.#.
..... . .
. . . #.
.. .... ..
#


You could see a thrashing horror and an alligator snapping turtle skeleton.

Vanquished Creatures
  Fannar (Lair:2)
  Josephine (D:10)
  3 hydras
  A two-headed ogre (D:9)
  A thrashing horror (Abyss:2)
  An occultist (Volcano)
  A wretched star (Abyss:2)
  A large abomination (Abyss:2)
  An orc sorcerer (Volcano)
  4 toenail golems (Volcano)
  2 elephants (Lair:2)
  8 black mambas
  14 cane toads
  A kobold demonologist (D:10)
  4 rime drakes
  Maggie (D:9)
  12 komodo dragons
  2 polar bears
  15 blink frogs
  8 dream sheep
  5 basilisks (Lair:2)
  4 shadows
  3 wraiths (D:10)
  25 yaks
  5 humans (Volcano)
  A neqoxec (Abyss:2)
  7 wyverns
  4 vampire mosquitoes (D:9)
  2 steam dragons
  2 hell hounds (Lair:5)
  24 water moccasins
  3 orc warriors
  2 ice beasts
  3 black bears
  An ogre (D:6)
  2 centaurs
  25 wolves
  A phantom (D:6)
  A brain worm (Abyss:2)
  A kobold brigand (D:8)
  16 bullfrogs
  2 gnoll sergeants
  4 scorpions
  3 wights (D:10)
  12 killer bees
  2 howler monkeys
  A crimson imp (D:4)
  4 hounds
  A bombardier beetle (D:5)
  4 jellies
  An orc priest (D:4)
  5 iguanas
  Ijyb (D:3)
  A sleepcap (D:6)
  9 orc wizards
  A hell rat (Lair:2)
  15 gnolls
  4 adders
  A white imp (D:7)
  3 dart slugs
  2 ribbon worms (D:2)
  30 orcs
  8 bats
  9 endoplasms
  6 giant cockroaches
  5 goblins
  12 hobgoblins
  2 jackals (D:2)
  2 quokkas
  3 ball pythons
  A frilled lizard (D:1)
  14 kobolds
  A kobold zombie (D:6)
  4 rats
  A butterfly (Lair:2)
393 creatures vanquished.

Vanquished Creatures (others)
  A komodo dragon (Lair:2)
1 creature vanquished.

Grand Total: 394 creatures vanquished

Notes
Turn   | Place    | Note
-------+----------+-------------------------------------------
     0 | D:1      | PaleRider the Ghoul Monk began the quest for the Orb.
     0 | D:1      | Reached XP level 1. HP: 19/19 MP: 1/1
   223 | D:1      | Found Myin's Assorted Antiques.
   241 | D:1      | Reached XP level 2. HP: 22/26 MP: 2/2
   261 | D:1      | Found a faded altar of an unknown god.
   426 | D:1      | Reached XP level 3. HP: 29/31 MP: 3/3
   804 | D:2      | Noticed Natasha
   912 | D:2      | Reached skill level 5 in Unarmed Combat
  1024 | D:2      | Reached XP level 4. HP: 38/38 MP: 4/4
  1449 | D:3      | Noticed Ijyb
  1737 | D:3      | Killed Ijyb
  1738 | D:3      | Reached XP level 5. HP: 37/46 MP: 5/5
  2959 | D:4      | Found a stormy altar of Qazlal.
  2976 | D:4      | Reached skill level 5 in Fighting
  2989 | D:4      | Reached XP level 6. HP: 56/56 MP: 6/6
  3068 | D:4      | Reached skill level 1 in Throwing
  3319 | D:4      | Found a shimmering altar of Xom.
  3319 | D:4      | Found a burning altar of Makhleb.
  3437 | D:5      | Entered Level 5 of the Dungeon
  3453 | D:5      | Reached XP level 7. HP: 63/63 MP: 7/7
  3751 | D:5      | Found a snail-covered altar of Cheibriados.
  3751 | D:5      | Noticed a yak
  3777 | D:5      | Reached skill level 5 in Throwing
  3873 | D:5      | Reached skill level 1 in Armour
  3873 | D:5      | Reached XP level 8. HP: 69/70 MP: 8/8
  4369 | D:5      | Found a shadowy altar of Dithmenos.
  4573 | D:6      | Found a staircase to the Ecumenical Temple.
  4586 | Temple   | Entered the Ecumenical Temple
  4712 | D:6      | Reached skill level 5 in Dodging
  4783 | D:6      | Found a runed translucent door.
  4785 | D:6      | Found a basalt altar of Yredelemnul.
  5361 | D:6      | Reached skill level 1 in Evocations
  5618 | D:7      | Reached XP level 9. HP: 62/75 MP: 9/9
  5701 | D:7      | Found Manuf's Jewellery Boutique.
  7224 | D:8      | Found a runed translucent door.
  7274 | D:8      | Reached skill level 10 in Unarmed Combat
  7473 | D:8      | Noticed Konar's ghost (novice CoHu)
  7676 | D:9      | Noticed Maggie
  7683 | D:9      | Killed Maggie
  7684 | D:9      | Reached skill level 5 in Evocations
  7684 | D:9      | Reached XP level 10. HP: 84/84 MP: 10/10
  7981 | D:9      | Found a staircase to the Lair.
  8755 | D:9      | Noticed a two-headed ogre
  8763 | D:9      | Killed a two-headed ogre
  8921 | D:10     | Entered Level 10 of the Dungeon
  9224 | D:10     | Found a bloodstained altar of Trog.
  9228 | D:10     | Found a blossoming altar of Fedhas.
  9237 | D:10     | Found a hazy altar of Hepliaklqana.
  9237 | D:10     | Found a shimmering blue altar of Sif Muna.
  9293 | D:10     | Found Weys's Assorted Antiques.
  9475 | D:10     | Identified the +2 chain mail of the Arcane {rElec Int+2}
  9589 | D:10     | Noticed a kobold demonologist
  9611 | D:10     | Killed a kobold demonologist
  9612 | D:10     | Reached skill level 10 in Fighting
  9699 | D:10     | Reached XP level 11. HP: 96/99 MP: 11/11
  9771 | D:10     | Found Juoff's Antique Weapon Emporium.
  9861 | D:10     | Found Qix Viri's Antique Armour Emporium.
 10066 | D:10     | Found a transporter.
 10067 | D:10     | Found Winasez's Distillery.
 10088 | D:10     | Noticed Josephine
 10176 | D:10     | Killed Josephine
 10177 | D:10     | Reached skill level 5 in Armour
 10430 | D:10     | Found a transporter.
 10467 | D:10     | Found Odue's Book Shop.
 10620 | D:7      | Found a sacrificial altar of Ru.
 10842 | D:7      | Became a worshipper of Ru the Awakened
 10860 | D:8      | Gained mutation: You cannot study or cast Air magic. [Ru
                  | sacrifice]
 10860 | D:8      | Gained mutation: You cannot study or cast Hexes magic. [Ru
                  | sacrifice]
 10860 | D:8      | Gained mutation: You cannot study or cast Summoning magic.
                  | [Ru sacrifice]
 10860 | D:8      | Reached * piety under Ru
 10895 | Lair:1   | Entered Level 1 of the Lair of Beasts
 11700 | Lair:1   | You fall into a shaft and drop 1 floor!
 11746 | Lair:2   | Noticed an eight-headed hydra
 12216 | Lair:2   | Noticed a skyshark
 12216 | Lair:2   | Noticed a skyshark
 12216 | Lair:2   | Noticed a death yak
 12601 | Lair:2   | Reached XP level 12. HP: 70/106 MP: 12/12
 14937 | Lair:2   | Noticed an eight-headed hydra
 15026 | Lair:2   | Killed an eight-headed hydra
 15093 | Lair:2   | Reached skill level 10 in Throwing
 15761 | Lair:2   | Reached XP level 13. HP: 91/113 MP: 13/13
 15874 | Lair:2   | Found a staircase to the Snake Pit.
 15962 | Lair:2   | Found a staircase to the Shoals.
 16422 | Lair:2   | Identified the +10 arbalest of the Lair of Beasts {flame,
                  | rPois rC- rN+ Int+3}
 17360 | Lair:3   | Noticed Fannar
 17712 | Lair:2   | Killed Fannar
 19740 | Lair:4   | Reached skill level 10 in Armour
 19740 | Lair:4   | Reached skill level 10 in Dodging
 19828 | Lair:4   | Found a staircase to the Slime Pits.
 19828 | Lair:4   | Found a viscous altar of Jiyva.
 20629 | Lair:5   | Entered Level 5 of the Lair of Beasts
 20682 | Lair:5   | Reached skill level 1 in Invocations
 20896 | Lair:5   | Gained mutation: You are hated by all. [Ru sacrifice]
 20896 | Lair:5   | Reached ** piety under Ru
 20915 | Lair:5   | Found a dark tunnel.
 21121 | Volcano  | Entered a volcano
 21158 | Volcano  | Reached skill level 5 in Invocations
 21192 | Volcano  | Reached XP level 14. HP: 92/121 MP: 18/18
 21532 | Abyss:2  | Cast into level 2 of the Abyss (an occultist)
 21701 | Abyss:2  | Slain by an alligator snapping turtle skeleton

Illustrated notes

Levels and vault maps discovered:
D:1:      lightli_arrival_chessboard, layout_basic, serial_shops, shop,
          basic_ecumenical_altar, minmay_tetromino_t4
D:2:      layout_rooms, grunt_ministairs_4, uniq_natasha
D:3:      layout_loops_corners, roderic_serpentine_path, uniq_ijyb
D:4:      layout_rooms, mainiacjoe_overflow_alcove_1,
          grunt_temple_overflow_champion_of_chaos, kennysheep_mini,
          serial_library_hellmonk_small_alcove
D:5:      layout_basic, cheibriados_altar_2, mainiacjoe_overflow_alcove_2
D:6:      layout_loops_ring, dk_yredelemnul_ordeal, minmay_temple_entry_hall
D:7:      layout_basic, nicolae_overflow_hidden_temple, serial_shops, shop,
          minmay_misc_feat_square, kennysheep_generic_room_11
D:8:      layout_basic, hellmonk_ghost_happy_afterlife,
          hangedman_decor_riveting, kennysheep_flooded_box, grunt_decor_clamped
D:9:      layout_basic, dpeg_oklobed_lair, uniq_maggie
D:10:     layout_roguey, minmay_overflow_temple_star_hex, serial_shops, shop,
          shop_statue, nicolae_shop_drivethru, nicolae_shop_advertising_works
          [nicolae_subvault_shop_adworks], shop, uniq_josephine
Temple:   nicolae_temple_bog_church
Lair:1:   layout_small_grid, lemuel_fruit_fields
Lair:2:   nzn_winding_woodlands_stair_cross [nzn_winding_woodlands_5x15_parted,
          nzn_winding_woodlands_center_diamonds, nzn_winding_woodlands_5x15_eye,
          nzn_winding_woodlands_5x5_open_star,
          nzn_winding_woodlands_5x5_perimeter,
          nzn_winding_woodlands_5x15_crooked,
          nzn_winding_woodlands_center_garden,
          nzn_winding_woodlands_5x15_split_checker], layout_concentric_octagons,
          shoals_dummy_entry, minmay_snake_entry_six_corridors,
          minmay_shattered_shrine
Lair:3:   hellmonk_destroyed_diamonds, layout_concentric_octagons, uniq_fannar
Lair:4:   layout_hall_layers, slime_entry_1, minivault_24,
          infiniplex_staircase_pool_2
Lair:5:   hangedman_lair_in_review, layout_layer_cave, wormcave, enter_volcano_3
Abyss:2:  base:
D:10
Volcano:  volcano_bunker

Skill      XL: |  1  2  3  4  5  6  7  8  9 10 11 12 13 14 |
---------------+-------------------------------------------+-----
Unarmed Combat | 4 5 6 7 10 | 10.4
Fighting       | 4 5 6 10 | 10.0
Throwing       | 2 5 7 10 | 10.0
Armour         | 1 2 7 8 10 | 10.8
Dodging        | 5 7 8 10 | 10.0
Evocations     | 2 5 6 |  6.2
Invocations    | 5 6 |  6.3

Action                     |  1- 3 |  4- 6 |  7- 9 | 10-12 | 13-15 || total
---------------------------+-------+-------+-------+-------+-------++-------
  Melee: Unarmed           |    88 |   147 |   271 |   637 |   579 ||  1722
  Throw: Dart              |     2 |     7 |     8 |     7 |       ||    24
         Stone             |     6 |    10 |    42 |    17 |    24 ||    99
         Throwing net      |       |     1 |     3 |       |       ||     4
         Javelin           |       |       |    13 |     6 |     6 ||    25
         Boomerang         |       |       |       |    75 |    53 ||   128
 Invoke: Sacrifice Arcana  |       |       |       |     1 |       ||     1
         Sacrifice Love    |       |       |       |       |     1 ||     1
         Reject Sacrifices |       |       |       |       |     1 ||     1
  Evoke: Wand              |       |     2 |     2 |     6 |    11 ||    21
    Use: Scroll            |       |       |     8 |     4 |     6 ||    18
         Potion            |       |       |       |       |     1 ||     1
   Stab: Held in net/web   |       |       |     1 |       |       ||     1
 Armour: Robe              |    49 |    21 |       |       |       ||    70
         Leather armour    |       |    38 |   132 |    24 |       ||   194
         Plate armour      |       |       |       |    69 |       ||    69
         Chain mail        |       |       |       |   434 |   391 ||   825
  Dodge: Dodged            |    58 |    69 |   160 |   314 |   285 ||   886

Table legend: (Time is in decaauts)
 A = Elapsed time spent in this place.
 B = Non-inter-level travel time spent in this place.
 C = Inter-level travel time spent in this place.
 D = Time resting spent in this place.
 E = Time spent auto-exploring this place.
 F = Levels seen in this place.
 G = Mean time per level.
                   A        B        C        D        E       F      G
               +--------+--------+--------+--------+--------+-----+--------+
         Total |  21439 |  20261 |   1178 |   6494 |   8496 |  18 | 1191.1 |
       Dungeon |  11009 |  10148 |    861 |   2366 |   4893 |  10 | 1100.9 |
        Temple |     47 |     34 |     13 |      0 |     19 |   1 |   47.0 |
          Lair |   9822 |   9519 |    303 |   3928 |   3532 |   5 | 1964.4 |
         Abyss |    161 |    161 |      0 |     46 |      0 |   1 |  161.0 |
       Volcano |    398 |    398 |      0 |    153 |     52 |   1 |  398.0 |
               +--------+--------+--------+--------+--------+-----+--------+

Top non-repeatable levels by time:
  Lair:2: 4349 daAuts
  Lair:1: 1879 daAuts
     D:8: 1682 daAuts
  Lair:3: 1565 daAuts
  Lair:4: 1556 daAuts
     D:7: 1371 daAuts
     D:9: 1337 daAuts
    D:10: 1334 daAuts
     D:3: 1318 daAuts
     D:5: 981 daAuts
     D:6: 881 daAuts
     D:2: 841 daAuts
     D:1: 761 daAuts
     D:4: 498 daAuts
  Lair:5: 471 daAuts
